 Dungeon Crawl Stone Soup version 0.27-a0-681-g0c81a3c1c3 (webtiles) character file.

Game seed: 6845205905086476145

55 jasper the Ruffian (level 3, 0/19 HPs)
             Began as a Vine Stalker Fighter on Mar 19, 2021.
             Succumbed to a goblin's poison
             ... on level 2 of the Dungeon.
             The game lasted 00:02:30 (1889 turns).

jasper the Ruffian (Vine Stalker Fighter)           Turns: 1889, Time: 00:02:31

Health: 0/19       AC: 11    Str: 18    XL:     3   Next: 93%
Magic:  4/4        EV:  2    Int:  9    God:
Gold:   41         SH:  9    Dex: 13    Spells: 2/2 levels left

rFire    . . .     SeeInvis .     - Unarmed
rCold    . . .     Faith    .   b - +0 kite shield
rNeg     . . .     Spirit   +   d - +0 plate armour
rPois    .         Reflect  .   (no helmet)
rElec    .         Harm     .   (no cloak)
rCorr    .         Rampage  .   (no gloves)
Will     .....                  (no boots)
Stlth    ..........             c - amulet of regeneration
HPRegen  1.06/turn              (no ring)
MPRegen  0.09/turn              (no ring)

@: lethally poisoned (0 -> -4)
A: fangs 2, magic shield, antimagic bite, no potion heal 3
a: no special abilities


You were on level 2 of the Dungeon.
You visited 1 branch of the dungeon, and saw 2 of its levels.

You collected 41 gold pieces.

Inventory:

Hand Weapons
 e - a +0 arbalest
Armour
 a - a +0 scale mail
 b - a +0 kite shield (worn)
 d - a +0 plate armour (worn)
Jewellery
 c - an amulet of regeneration (around neck)


   Skills:
 - Level 2.6 Fighting
 - Level 2.4 Armour
 - Level 2.6 Shields
 + Level 4.1 Unarmed Combat


You had 2 spell levels left.
You didn't know any spells.
Your spell library was empty.

Dungeon Overview and Level Annotations

Branches:
Dungeon (2/15)

Altars:
Kikubaaqudgha
Ru

Annotations:
D:2 Robin


Innate Abilities, Weirdness & Mutations

You have extremely sharp teeth.
When hurt, damage is shared between your health and your magic reserves.
Your bite disrupts and absorbs the magic of your enemies.
Potions cannot restore your health.


Message History

You closely miss the goblin.
You feel very sick.
The goblin hits you but does no damage. x2
You are lethally poisoned!
A hobgoblin comes into view. It is wielding a +0 club.
The goblin hits you but does no damage.
You take 3 damage, and have 11/19 hp.
You barely miss the goblin. You bite the goblin. You drain its power.
You feel invigorated.
The goblin is severely wounded.
You feel very sick. You block the goblin's attack.
The goblin hits you but does no damage.
You take 2 damage, and have 9/19 hp.
MP restored: 4 You hit the goblin but do no damage.
Your bite misses the goblin.
The goblin is severely wounded.
You feel very sick. You block the goblin's attack.
The goblin hits you but does no damage.
You take 2 damage, and have 7/19 hp.
You hit the goblin.
You kill the goblin!
You feel very sick. The goblin barely misses you.
You take 1 damage, and have 6/19 hp.
* * * LOW HITPOINT WARNING * * *
You feel sick.
You take 1 damage, and have 5/19 hp.
* * * LOW HITPOINT WARNING * * *
You feel very sick.
You take 2 damage, and have 3/19 hp.
* * * LOW HITPOINT WARNING * * *
You feel sick.
You take 1 damage, and have 2/19 hp.
* * * LOW HITPOINT WARNING * * *
You feel sick.
You take 1 damage, and have 1/19 hp.
You aren't carrying any potions.
You aren't carrying any scrolls.
Unknown command.
You die...

.####.####.###....... .. ..
...........#.##.....>. ...##...
###.######......#.#.###....#...
#........†......#.#......_....
......####.)g.....#.##...#....#
####....##........#.##...##...
#...............#.##......#
#########(.gg...#.##......#
####..@##.##......##
###†.........<†.#
#.........###..?.. #.........#
#.... #......(..........
#.........#####... #.>.......#
... ...........# ###
###.........#


You could see a hobgoblin and 2 goblins.

Vanquished Creatures
  An adder (D:1)
  An ooze (D:1)
  A worm (D:2)
  A dart slug (D:1)
  A leopard gecko (D:1)
  5 bats
  A giant cockroach (D:1)
  5 goblins
  3 hobgoblins (D:1)
  6 jackals
  2 quokkas (D:1)
  A ball python (D:2)
  2 kobolds (D:1)
  3 rats (D:1)
33 creatures vanquished.

Notes
Turn   | Place    | Note
-------+----------+-------------------------------------------
     0 | D:1      | jasper the Vine Stalker Fighter began the quest for the
                  | Orb.
     0 | D:1      | Reached XP level 1. HP: 11/11 MP: 2/2
   270 | D:1      | Reached XP level 2. HP: 11/16 MP: 3/3
   416 | D:1      | Reached skill level 3 in Unarmed Combat
   870 | D:1      | Reached XP level 3. HP: 15/19 MP: 4/4
  1693 | D:2      | Found an ancient bone altar of Kikubaaqudgha.
  1746 | D:2      | Reached skill level 4 in Unarmed Combat
  1774 | D:2      | Found a sacrificial altar of Ru.
  1775 | D:2      | Noticed Robin
  1889 | D:2      | Succumbed to a goblin's poison

Illustrated notes

Levels and vault maps discovered:
D:1:      minmay_arrival_loop, layout_basic, dk_noncrumbling_4
D:2:      layout_rooms, nicolae_overflow_crystal_walls,
          yredelemnul_altar_generic, serial_curves, eino_curves_02,
          eino_curves_04, nicolae_ru_sacrificial_ziggurat, uniq_robin

Skill      XL: |  1  2  3 |
---------------+----------+-----
Unarmed Combat | 3 4 |  4.1
Fighting       | |  2.6
Armour         | |  2.4
Shields        | |  2.6

Action                   || total
-------------------------++-------
Melee: Unarmed           ||   120
       Bite              ||    31
Throw: Stone             ||     5
  Use: Potion            ||     1
       Scroll            ||     3
Armor: Plate armour      ||    93
       Scale mail        ||     2
Dodge: Dodged            ||    12
Block: Kite shield       ||    76

Table legend: (Time is in decaauts)
 A = Elapsed time spent in this place.
 B = Non-inter-level travel time spent in this place.
 C = Inter-level travel time spent in this place.
 D = Time resting spent in this place.
 E = Time spent auto-exploring this place.
 F = Levels seen in this place.
 G = Mean time per level.
                   A        B        C        D        E       F      G
               +--------+--------+--------+--------+--------+-----+--------+
         Total |   1918 |   1860 |     58 |    358 |   1143 |   2 |  959.0 |
       Dungeon |   1918 |   1860 |     58 |    358 |   1143 |   2 |  959.0 |
               +--------+--------+--------+--------+--------+-----+--------+

Top non-repeatable levels by time:
     D:1: 1705 daAuts
     D:2: 213 daAuts
